 Dungeon Crawl Stone Soup version 0.23.1-37-gaa34b87 (webtiles) character file.

Game seed: 16320603671423401359

89 Fang the Skirmisher (level 4, 0/29 HPs)
             Began as a Gargoyle Berserker on Mar 21, 2019.
             Was a Believer of Trog.
             Slain by an orc priest (1 damage)
             ... on level 2 of the Dungeon.
             The game lasted 00:01:28 (887 turns).

Fang the Skirmisher (Gargoyle Berserker)             Turns: 887, Time: 00:01:28

Health: 0/29       AC:  5    Str: 21    XL:     4   Next: 55%
Magic:  4/4        EV: 12    Int:  8    God:    Trog [**....]
Gold:   113        SH:  0    Dex:  9    Spells: 3/3 levels left

rFire    . . .     SeeInvis .   a - +0 hand axe
rCold    . . .     Gourm    .   (no shield)
rNeg     + . .     Faith    .   b - +0 animal skin
rPois    ∞         Spirit   .   (no helmet)
rElec    +         Reflect  .   (no cloak)
rCorr    .         Harm     .   (no gloves)
MR       .....                  (no boots)
Stlth    +.........             (no amulet)
HPRegen  0.09/turn              (no ring)
MPRegen  0.09/turn              (no ring)

@: berserk cooldown, slowed, very slow
A: negative energy resistance 1, electricity resistance, unbreathing,
petrification resistance, rot immunity, AC +3
a: Berserk, Trog's Hand, Renounce Religion


You were on level 2 of the Dungeon.
You worshipped Trog.
Trog was pleased with you.
You were very hungry.

You visited 1 branch of the dungeon, and saw 2 of its levels.

You collected 113 gold pieces.

Inventory:

Hand Weapons
 a - a +0 hand axe (weapon)
Armour
 b - a +0 animal skin (worn)
Scrolls
 d - a scroll of enchant weapon {unknown}
 e - a scroll of noise {unknown}
 g - a scroll of teleportation {unknown}
 i - 4 scrolls of amnesia {unknown}
 k - a scroll of random uselessness {unknown}
 l - a scroll of identify {unknown}
 m - a scroll of remove curse {unknown}
Potions
 h - 2 potions of mutation {unknown}
 j - 2 potions of haste {unknown}
Comestibles
 c - 2 rations
 f - 4 chunks of flesh


   Skills:
 + Level 4.0 Fighting
 + Level 3.3 Axes
 + Level 3.1 Armour
 + Level 2.2 Dodging


You had 3 spell levels left.
You didn't know any spells.
Your spell library was empty.

Dungeon Overview and Level Annotations

Branches:
Dungeon (2/15)

Altars:


Innate Abilities, Weirdness & Mutations

You are resistant to torment.
Your stone body is resilient. (AC +3)
You are immune to poison.
You resist negative energy. (rN+)
You are resistant to electric shocks. (rElec)
You can survive without breathing.
You are immune to petrification.
You are immune to rotting.


Message History

You hit the orc wizard. You completely miss something.
You barely miss the orc priest. The orc wizard closely misses you.
The orc priest barely misses you.
You closely miss the orc priest.
The orc priest is moderately wounded.
You hit something but do no damage.
You hit the orc wizard but do no damage.
You are no longer berserk.
You are exhausted.
You feel yourself slow down.
The orc wizard hits you but does no damage.
Something hits you but does no damage.
You hit the orc priest.
The orc priest is heavily wounded.
You hit the orc wizard but do no damage.
You barely miss something.
The orc wizard mumbles some strange words.
The orc wizard blinks!
The orc priest closely misses you. Something hits you but does no damage.
The orc priest hits you.
You die...

###......
#..........###$⌠$##
####<.........##.....##
#.(...#######.#.......#
....###....##.#.......#
..### #....##.#.......#
..#####....##.#.......#
.....##....##.#{o.....#
.#.#..##.####.#)@)....#
.#.......#....#o.§....#
.###....##.##...........
.# #.....#÷.............
.. #.##..#..#######.....
. ...###...## .....
##........# ####
######...... ####.#...


You could see an orc priest and an orc wizard.

Vanquished Creatures
  An orc priest (D:2)
  2 oozes (D:1)
  A dart slug (D:1)
  A leopard gecko (D:1)
  2 orcs (D:2)
  5 bats (D:1)
  A giant cockroach (D:1)
  5 goblins
  4 hobgoblins (D:1)
  4 jackals (D:1)
  7 kobolds (D:1)
  4 ball pythons
  4 frilled lizards
  2 rats (D:1)
43 creatures vanquished.

Notes
Turn   | Place    | Note
-------+----------+-------------------------------------------
     0 | D:1      | Fang the Gargoyle Berserker began the quest for the Orb.
     0 | D:1      | Reached XP level 1. HP: 14/14 MP: 1/1
    31 | D:1      | Reached XP level 2. HP: 19/19 MP: 2/2
   112 | D:1      | Reached XP level 3. HP: 16/23 MP: 3/3
   194 | D:1      | Reached ** piety under Trog
   879 | D:2      | Reached XP level 4. HP: 19/29 MP: 4/4
   884 | D:2      | HP: 1/43 [something (3)]
   885 | D:2      | Reached skill level 4 in Fighting
   887 | D:2      | Slain by an orc priest

Skill      XL: |  1  2  3  4 |
---------------+-------------+-----
Axes           | 3 |  3.3
Dodging        | 2 |  2.2
Armour         | 3 |  3.1
Fighting       | 4 |  4.0

Action                   |  1- 3 |  4- 6 || total
-------------------------+-------+-------++-------
Melee: Hand axe          |   106 |     7 ||   113
Invok: Berserk           |     1 |       ||     1
 Stab: Sleeping          |     1 |       ||     1
Armor: Animal skin       |    54 |     4 ||    58
Dodge: Dodged            |    93 |    10 ||   103
